Map: Dusk Towers

Players

Miszu

  • Race: Terran Terran
  • League: Master

MiNiMaTh - Winner!

  • Race: Zerg Zerg
  • League: Grandmaster

VOD

Have the link to the VOD?

Description

Time

  • Played on: April 19, 2016, 2:14 p.m.
  • Length: 11:20
Show
View Real Time Build Order
Export as new Build Order

Miszu Terran 

Build Orders: Reaper Expand, MMM Bio 

Get SALT Encoding   

  12  0:01  SCV  
  13  0:13  SCV  
  14  0:18  Supply Depot  
  14  0:28  SCV  
  15  0:40  Barracks, SCV  
  16  0:44  Refinery  
  16  0:52  SCV  
  17  1:04  SCV  
  18  1:16  SCV  
  19  1:29  Reaper, Orbital Command  
  20  1:41  Command Center  
  20  1:50  Supply Depot  
  20  1:54  SCV  
  21  2:01  Marine  
  21  2:08  SCV  
  23  2:12  Factory  
  23  2:20  SCV  
  24  2:24  Barracks Reactor  
  24  2:38  SCV  
  25  2:44  Command Center  
  25  2:50  SCV  
  26  2:59  Orbital Command  
  26  3:02  SCV  
  27  3:07  Barracks Tech Lab  
  27  3:08  Barracks  
  27  3:13  Hellion x2  
  27  3:14  SCV  
  32  3:26  SCV  
  33  3:31  Marine  
  33  3:32  Stimpack, SCV  
  34  3:38  SCV  
  35  3:44  SCV  
  35  3:45  Factory Reactor  
  35  3:47  Supply Depot  
  36  3:50  SCV  
  36  3:52  Marine  
  38  3:56  Barracks, SCV  
  38  3:57  Orbital Command  
  39  4:02  SCV  
  39  4:09  SCV  
  40  4:11  Marine  
  40  4:12  Marine x2  
  40  4:15  SCV  
  44  4:17  Refinery  
  44  4:21  SCV  
  44  4:23  SCV  
  46  4:27  SCV  
  46  4:29  Engineering Bay, Marine  
  46  4:30  Engineering Bay, Refinery  
  48  4:32  Refinery  
  48  4:33  Marine, SCV  
  48  4:35  SCV  
  51  4:39  SCV  
  51  4:41  Marine  
  51  4:42  Factory Reactor  
  49  4:45  SCV  
  49  4:46  Starport  
  49  4:47  Marine  
  49  4:51  Marine  
  52  4:53  Marine x2  
  52  4:57  Terran Infantry Armor Level 1  
  52  4:59  Marine, SCV x2  
  58  5:11  Barracks x2, SCV x2  
  58  5:13  Terran Infantry Weapons Level 1  
  59  5:17  Marine x4  
  59  5:18  Orbital Command  
  59  5:19  Marine  
  64  5:23  SCV x2  
  66  5:29  Factory Reactor  
  66  5:33  Combat Shields  
  66  5:35  Marine, SCV x2  
  68  5:39  Supply Depot x2  
  69  5:53  Supply Depot  
  69  5:59  Barracks Reactor x2, Supply Depot  
  69  6:00  Marine, Medivac x2  
  69  6:01  Marine x2, SCV x3  
  69  6:02  Marine  
  80  6:09  Armory  
  80  6:10  Marine  
  81  6:13  SCV x3  
  84  6:20  Supply Depot x2  
  84  6:22  Supply Depot, Widow Mine x2  
  84  6:24  Marine x2  
  84  6:25  SCV x2  
  92  6:26  SCV  
  92  6:30  Medivac  
  92  6:31  Medivac  
  97  6:37  Marine  
  101  6:42  Marine x3  
  101  6:43  Marine x4  
  106  6:49  Barracks  
  106  6:52  Barracks  
  106  6:53  Barracks  
  105  6:54  Marine  
  105  6:55  Marine, Widow Mine  
  109  7:03  Marine, Medivac, Widow Mine  
  108  7:12  Marine  
  108  7:13  Marauder  
  98  7:16  Marine x6  
  98  7:21  Marine, Terran Infantry Weapons Level 2  
  105  7:23  Widow Mine  
  105  7:28  Medivac  
  109  7:30  Terran Infantry Armor Level 2, Marine  
  109  7:33  Marine, Missile Turret  
  109  7:34  Marine x2  
  109  7:35  Missile Turret  
  113  7:37  Missile Turret  
  113  7:45  Barracks Tech Lab x2  
  113  7:46  Barracks Tech Lab  
  113  7:50  Marine  
  114  7:52  Marauder  
  116  8:04  Reaper  
  116  8:05  Widow Mine x2  
  110  8:07  Marauder x3  
  110  8:10  Marine x3  
  123  8:13  Marauder  
  120  8:20  Marine x4  
  113  8:28  Marine x3, Marauder x3  
  113  8:31  Supply Depot  
  113  8:32  Supply Depot  
  113  8:33  Supply Depot  
  113  8:34  Marine, Widow Mine  
  118  8:37  Widow Mine  
  118  8:38  Medivac  
  125  8:51  Medivac  
  107  8:56  Marine x6  
  107  8:57  Marine  
  107  8:58  Marine  
  107  9:00  Marine x4  
  101  9:08  Medivac  
  100  9:13  Marine  
  100  9:14  Marine x5  
  100  9:15  Marine  
  100  9:16  Marine  
  90  9:17  Marine  
  90  9:18  Marine x3  
  91  9:31  Marine, Medivac, Widow Mine x2  
  89  9:32  Marine x5  
  89  9:33  Marine  
  89  9:37  Marine, Marauder x4  
  89  9:38  Medivac, Command Center  
  113  9:49  Marine  
  113  9:50  Marine x2  
  116  9:58  Marauder x3  
  116  9:59  Widow Mine  
  122  10:01  Medivac  
  122  10:06  Widow Mine  
  130  10:07  Marine x3  
  130  10:08  Marine  
  130  10:09  Marine  
  130  10:10  Marine  
  134  10:15  Supply Depot x2  
  134  10:16  Marine, Marauder  
  104  10:30  Marine, Marauder  
  104  10:31  Marine x8  
  104  10:33  Marine  
  108  10:37  Marine  
  108  10:45  Factory  
  108  10:48  Marine x2  
  105  10:55  Marine  
Show
View Real Time Build Order
Export as new Build Order

MiNiMaTh Zerg - Winner!

Build Orders: Hatch First, Muta Ling Bane 

Get SALT Encoding   

  12  0:01  Drone  
  13  0:12  Overlord  
  13  0:21  Drone  
  14  0:30  Drone  
  14  0:31  Drone  
  14  0:35  Drone  
  17  0:54  Hatchery  
  17  0:55  Drone  
  17  0:57  Drone  
  18  1:09  Extractor  
  17  1:12  Spawning Pool  
  17  1:15  Drone  
  17  1:18  Drone  
  18  1:28  Drone  
  19  1:40  Overlord  
  19  1:50  Overlord  
  19  1:59  Queen  
  19  2:00  Zergling x2  
  22  2:06  Zergling x2, Queen  
  25  2:11  Drone  
  25  2:13  Metabolic Boost  
  26  2:17  Drone  
  26  2:22  Drone  
  28  2:30  Drone  
  28  2:35  Spore Crawler  
  28  2:36  Drone  
  29  2:46  Drone x2  
  29  2:47  Queen  
  34  2:59  Hatchery  
  34  3:01  Drone x3  
  36  3:07  Drone  
  36  3:12  Drone  
  38  3:14  Drone x2  
  38  3:15  Drone x2  
  42  3:20  Overlord  
  42  3:24  Drone  
  42  3:25  Drone  
  43  3:35  Overlord  
  43  3:37  Drone  
  43  3:40  Drone  
  45  3:46  Extractor x2, Drone x5  
  45  3:48  Roach Warren  
  47  3:50  Queen  
  47  3:54  Overlord  
  47  4:14  Zergling x18  
  56  4:19  Drone  
  56  4:22  Drone  
  56  4:24  Drone  
  59  4:27  Drone, Evolution Chamber  
  59  4:28  Evolution Chamber  
  58  4:38  Drone x3  
  61  4:44  Drone x4  
  65  4:49  Lair  
  65  4:55  Zerg Melee Weapons Level 1, Zerg Ground Armor Level 1  
  65  4:58  Drone  
  65  4:59  Extractor x2, Drone x4  
  68  5:01  Extractor  
  68  5:02  Drone x3  
  68  5:04  Drone  
  71  5:12  Drone x3  
  73  5:25  Overlord x3  
  73  5:28  Baneling Nest  
  73  5:34  Overlord  
  72  5:39  Drone x2  
  74  5:43  Drone x3  
  74  5:49  Drone x5  
  82  5:54  Spire, Zergling x2  
  82  5:55  Zergling x14  
  89  6:04  Hatchery  
  89  6:08  Drone x4  
  92  6:19  Baneling  
  92  6:20  Baneling x2  
  92  6:28  Zergling x10  
  92  6:29  Zergling x10  
  92  6:30  Centrifical Hooks  
  102  6:47  Hatchery  
  101  6:55  Zergling x10  
  101  6:56  Overlord  
  101  6:57  Overlord x4  
  101  6:59  Baneling  
  101  7:00  Baneling x4  
  101  7:15  Zergling x2  
  92  7:16  Zergling x14  
  92  7:20  Zerg Ground Armor Level 2  
  92  7:21  Zerg Melee Weapons Level 2  
  92  7:22  Zerg Flyer Weapons Level 1  
  96  7:31  Mutalisk x5  
  96  7:35  Mutalisk x2  
  110  7:39  Mutalisk x4  
  118  7:48  Baneling x2, Mutalisk x3  
  118  7:50  Mutalisk  
  126  7:53  Zergling x2  
  126  7:54  Zergling x14  
  126  7:56  Baneling  
  130  8:03  Zergling x8  
  131  8:06  Overseer  
  131  8:07  Pneumatized Carapace, Overseer  
  131  8:09  Queen  
  131  8:10  Zergling x6  
  131  8:11  Zergling x2  
  132  8:23  Mutalisk x4  
  132  8:26  Zergling x4  
  132  8:27  Zergling x14  
  146  8:32  Drone x3  
  146  8:33  Drone  
  148  8:45  Zergling x2  
  148  8:46  Zergling x8  
  134  8:59  Mutalisk  
  134  9:00  Mutalisk x4  
  142  9:08  Zergling x6  
  142  9:09  Zergling x12  
  150  9:16  Mutalisk x3  
  146  9:18  Overlord x3  
  142  9:28  Mutalisk x2  
  142  9:30  Drone x2  
  142  9:35  Extractor  
  142  9:36  Extractor  
  140  9:39  Zergling x2  
  140  9:40  Zergling x18  
  140  9:43  Drone  
  140  9:44  Drone  
  150  9:50  Drone  
  150  9:51  Drone x2  
  153  9:57  Overseer  
  153  9:58  Baneling  
  153  9:59  Baneling x5  
  149  10:00  Spore Crawler  
  149  10:02  Zergling x2, Baneling x14  
  149  10:03  Zergling x10  
  154  10:09  Infestation Pit  
  154  10:12  Zergling x10  
  154  10:13  Overlord x3  
  134  10:32  Zergling x2  
  134  10:33  Zergling x26  
  147  10:37  Zergling x6  
  149  10:42  Mutalisk  
  149  10:43  Mutalisk x7  
  161  10:56  Mutalisk  
  147  11:02  Zergling x12  
  147  11:03  Zergling x8  
Tags
 
Add a new tag
Caveats
  • Supply blocks, unpowered buildings, or Contaminate may cause inaccurate times.
  • Supply counts are checked every 10 seconds.